 Dungeon Crawl Stone Soup version 0.26.0-10-g1f06aea511 (webtiles) character file.

Game seed: 5783523546463231989

154 Borgoz the Slasher (level 5, 0/44 HPs)
             Began as a Ghoul Gladiator on Jan 31, 2021.
             Was an Initiate of Dithmenos.
             Slain by a howler monkey (4 damage)
             ... on level 4 of the Dungeon.
             The game lasted 00:03:15 (2792 turns).

Borgoz the Slasher (Ghoul Gladiator)                Turns: 2792, Time: 00:03:15

Health: 0/44       AC:  4    Str: 16 (18) XL:     5   Next: 35%
Magic:  4/4        EV: 12    Int:  1 (3)  God:    Dithmenos [......]
Gold:   178        SH:  0    Dex:  7 (11) Spells: 4/4 levels left

rFire    . . .     SeeInvis .   a - +0 long sword
rCold    + . .     Faith    .   (no shield)
rNeg     + + +     Spirit   .   b - +0 leather armour
rPois    ∞         Reflect  .   c - +0 helmet
rElec    .         Harm     .   (no cloak)
rCorr    .         Rampage  .   (no gloves)
Will     .....                  (no boots)
Stlth    +.........             (no amulet)
HPRegen  0.00/turn              (no ring)
MPRegen  0.09/turn              (no ring)

@: brilliant
A: claws 1, cold resistance 1, negative energy resistance 3, inhibited
regeneration, torment resistance, unbreathing
a: Renounce Religion


You were on level 4 of the Dungeon.
You worshipped Dithmenos.
Dithmenos was noncommittal.
You visited 1 branch of the dungeon, and saw 4 of its levels.

You collected 178 gold pieces.

Inventory:

Hand Weapons
 a - a +0 long sword (weapon)
Missiles
 d - 2 throwing nets (quivered)
Armour
 b - a +0 leather armour (worn)
 c - a +0 helmet (worn)
Scrolls
 e - a scroll of remove curse
 k - a scroll of teleportation {unknown}
 n - a scroll of random uselessness {unknown}
Potions
 g - 2 potions of flight
 h - a potion of attraction {unknown}
 i - a potion of haste {unknown}
 j - a potion of curing {unknown}
 l - a potion of lignification {unknown}
 m - a potion of degeneration


   Skills:
 + Level 2.9 Fighting
 * Level 3.6 Long Blades
 - Level 1.7 Throwing
 * Level 2.2 Armour
 * Level 3.5 Dodging


You had 4 spell levels left.
You didn't know any spells.
Your spell library was empty.

Dungeon Overview and Level Annotations

Branches:
Dungeon (4/15)
 Temple: D:4-7

Altars:
Dithmenos


Innate Abilities, Weirdness & Mutations

You thrive by killing the living.
You are immune to poison.
You have sharp fingernails.
Your flesh is cold resistant. (rC+)
You are immune to negative energy. (rN+++)
You do not regenerate when monsters are visible.
You are immune to unholy pain and torment.
You can survive without breathing.


Message History

The hound bites you but does no damage. The howler monkey barely misses you.
Okay, then.
Okay, then.
It was a potion of brilliance.
You feel clever all of a sudden. The hound bites you but does no damage.
The adder bites you.
* * * LOW HITPOINT WARNING * * *
The howler monkey hits you.
* * * LOW HITPOINT WARNING * * *
It was a potion of mutation.
You feel extremely strange.
Your body decomposes!
You feel weakened.
Your body decomposes!
You feel dopey.
Your body decomposes!
You feel clumsy. The hound bites you.
* * * LOW HITPOINT WARNING * * *
The adder barely misses you. The howler monkey hits you.
You die...

#..#..# .......
...#...##.......
.# .......#.......
#.# #.....#.......
... #............
#.##....†.......
#..#......).....
..#....h........$.
....h.[S@.........
.......h..........
.......>........#.
.......###......#
#...... ##.......
....... ####..#
....... ## ..###..
.# .##


You could see a howler monkey, a hound, an adder and a jackal.

Vanquished Creatures
  Terence (D:3)
  4 adders
  An ooze (D:1)
  4 dart slugs
  4 leopard geckos
  6 orcs (D:3)
  4 giant cockroaches
  6 goblins
  9 hobgoblins
  8 kobolds
  3 quokkas
  3 ball pythons
  6 bats
  7 frilled lizards
  5 rats
71 creatures vanquished.

Notes
Turn   | Place    | Note
-------+----------+-------------------------------------------
     0 | D:1      | Borgoz the Ghoul Gladiator began the quest for the Orb.
     0 | D:1      | Reached XP level 1. HP: 17/17 MP: 0/0
   202 | D:1      | Reached XP level 2. HP: 24/24 MP: 1/1
   417 | D:1      | Reached skill level 1 in Armour
   525 | D:1      | Reached XP level 3. HP: 30/30 MP: 2/2
  1372 | D:2      | Reached XP level 4. HP: 37/37 MP: 3/3
  1509 | D:3      | Found a shadowy altar of Dithmenos.
  1565 | D:3      | Became a worshipper of Dithmenos the Shadowed
  2304 | D:3      | Reached XP level 5. HP: 44/44 MP: 4/4
  2585 | D:3      | Noticed Terence
  2599 | D:3      | Killed Terence
  2792 | D:4      | Slain by a howler monkey

Illustrated notes

Levels and vault maps discovered:
D:1:      minmay_arrival_five_plusses, layout_loops_ring
D:2:      layout_loops_ring
D:3:      layout_loops_corners, nicolae_dithmenos_shadow_blocks,
          minmay_misc_feat_more_columns, uniq_terence
D:4:      layout_cave_pools, minmay_temple_entry_large_hall,
          trog_eyes_of_draining, uniq_pikel

Skill      XL: |  1  2  3  4 |
---------------+-------------+-----
Long Blades    | 3 |  3.6
Dodging        | 3 |  3.5
Armour         | 1 2 |  2.2
Fighting       | |  2.9
Throwing       | |  1.7

Action                   |  1- 3 |  4- 6 || total
-------------------------+-------+-------++-------
Melee: Long sword        |    89 |   116 ||   205
Throw: Throwing net      |       |     1 ||     1
  Use: Scroll            |     1 |     1 ||     2
       Potion            |       |     3 ||     3
 Stab: Held in net/web   |       |     1 ||     1
Armor: Leather armour    |    26 |    30 ||    56
Dodge: Dodged            |    65 |    96 ||   161
       Rpst.: Long sword |    19 |    31 ||    50
